 Dungeon Crawl Stone Soup version 0.28-a0-1545-g945cd3f27e (webtiles) character file.

Game seed: 14446424261909854913

15 BritishOli the Sneak (level 2, -2/24 HPs)
             Began as a Demonspawn Delver on Jan 18, 2022.
             Slain by a worm (4 damage)
             ... on level 3 of the Dungeon.
             The game lasted 00:01:16 (282 turns).

BritishOli the Sneak (Demonspawn Delver)             Turns: 282, Time: 00:01:17

Health: -2/24      AC:  6    Str: 12    XL:     2   Next: 34%
Magic:  2/2        EV: 12    Int: 11    God:
Gold:   13         SH:  0    Dex: 14    Spells: 1/1 levels left

rFire   . . .      SeeInvis .   a - +0 falchion
rCold   . . .      Faith    .   (no shield)
rNeg    . . .      Spirit   .   b - +0 leather armour
rPois   .          Reflect  .   (no helmet)
rElec   .          Harm     .   (no cloak)
rCorr   .          Rampage  .   h - +2 pair of gloves
Will    .....                   (no boots)
Stlth   +++.......              (no amulet)
HPRegen 0.08/turn               (no ring)
MPRegen 0.08/turn               (no ring)

@: no status effects
A: claws 1
a: no special abilities


You were on level 3 of the Dungeon.
You visited 1 branch of the dungeon, and saw 3 of its levels.

You collected 13 gold pieces.

Inventory:

Hand Weapons
 a - a +0 falchion (weapon)
Armour
 b - a +0 leather armour (worn)
 h - a +2 pair of gloves (worn)
Wands
 g - a wand of digging (3)
Scrolls
 c - a scroll of fog
 d - a scroll of magic mapping
 e - a scroll of fear
 i - a scroll of identify {unknown}
Potions
 f - a potion of haste


   Skills:
 + Level 3.2 Fighting
 * Level 2.1 Long Blades
 + Level 0.0 Armour
 + Level 2.0 Dodging
 - Level 4.6 Stealth


You had one spell level left.
You didn't know any spells.
Your spell library was empty.

Dungeon Overview and Level Annotations

Branches:
Dungeon (5/15)
 Temple: D:4-7

Altars:

Annotations:
D:4 Robin


Innate Abilities, Weirdness & Mutations

You have sharp fingernails.


Message History

The worm bites you.
You hit the worm but do no damage. You hit the worm.
The worm is moderately wounded.
The worm barely misses you.
You hit the worm but do no damage.
The worm is lightly wounded.
The worm misses you.
You hit the worm but do no damage.
The worm is lightly wounded.
The worm bites you but does no damage.
You hit the worm but do no damage.
The worm is lightly wounded.
The worm closely misses you.
You hit the worm.
The worm is lightly wounded.
You hit the worm.
The worm is lightly wounded.
The worm barely misses you.
You completely miss the worm.
The worm is lightly wounded.
The worm closely misses you.
You hit the worm but do no damage.
The worm is lightly wounded.
The worm barely misses you.
You hit the worm.
The worm is lightly wounded.
You hit the worm.
The worm is moderately wounded.
The worm bites you!
* * * LOW HITPOINT WARNING * * *
You hit the worm.
The worm is moderately wounded.
The worm barely misses you.
You hit the worm.
The worm is moderately wounded.
You hit the worm.
The worm is heavily wounded.
The worm bites you.
You die...

#.##.##.#.#
#†###.#..≈≈
#.##.## ≈≈#
#..≈..# ..
#..≈≈.# # #.#≈#.#
.# #.#.#.##..#
#.........#
........#@#.##.##
.....##.#w#.# #
#### #.#.#.#
#...... .......
########


You could see a worm.

Vanquished Creatures
  An adder skeleton (D:4)
  4 orcs (D:3)
  A bat (D:3)
  A kobold (D:3)
  A rat (D:3)
8 creatures vanquished.

Notes
Turn   | Place    | Note
-------+----------+-------------------------------------------
     0 | D:5      | BritishOli the Demonspawn Delver began the quest for the
                  | Orb.
     0 | D:5      | Reached XP level 1. HP: 18/18 MP: 1/1
    74 | D:4      | Noticed Robin
   122 | D:3      | Gained mutation: You have sharp fingernails. [demonic
                  | ancestry]
   122 | D:3      | Reached XP level 2. HP: 7/24 MP: 2/2
   282 | D:3      | Slain by a worm

Illustrated notes

Levels and vault maps discovered:
D:3:      layout_loops_ring, trog_three_pillars_becter, serial_shops,
          nicolae_shop_statue_plus, chequers_serial_rivers_small_b, uniq_ijyb,
          uniq_natasha, uniq_grinder, uniq_terence
D:4:      nicolae_cairo_tiling_large_dashed, layout_rooms, uniq_edmund,
          uniq_robin
D:5:      corexii_shack_village, layout_basic, minmay_temple_entry_slanted,
          hellmonk_ghost_happy_afterlife, minivault_26,
          nicolae_elevator_lobby_plus, uniq_eustachio

Skill      XL: |  1 |
---------------+----+-----
Long Blades    | 2 |  2.1
Dodging        | 2 |  2.0
Fighting       | |  3.2
Stealth        | |  4.6

Action                   || total
-------------------------++-------
Melee: Falchion          ||    46
       Punch             ||     1
Armor: Leather armour    ||    17
Dodge: Dodged            ||    25

Table legend: (Time is in decaauts)
 A = Elapsed time spent in this place.
 B = Non-inter-level travel time spent in this place.
 C = Inter-level travel time spent in this place.
 D = Time resting spent in this place.
 E = Time spent auto-exploring this place.
 F = Levels seen in this place.
 G = Mean time per level.
                   A        B        C        D        E       F      G
               +--------+--------+--------+--------+--------+-----+--------+
         Total |    290 |    290 |      0 |     79 |     34 |   3 |   96.7 |
       Dungeon |    290 |    290 |      0 |     79 |     34 |   3 |   96.7 |
               +--------+--------+--------+--------+--------+-----+--------+

Top non-repeatable levels by time:
     D:3: 209 daAuts
     D:4: 48 daAuts
     D:5: 33 daAuts
